TOP OF THE 1ST |
Seattle Rainiers batting - Pitching for Saskatoon Smokin' Guns : RHP Dan Handy
|
Pitching: RHP Dan Handy
|
|
Batting: RHB Enrique Mendoza
|
0-0: Ball 1-0: Ball 2-0: Ball 3-0: Base on Balls
|
Batting: RHB Alfredo Farías
|
0-0: Ball 1-0: Foul Ball, location: 2F 1-1: Ball 2-1: Fly out, F3 (Line Drive, 3) 2-1: Lined into DP, U3 (Line Drive, 3)
|
Batting: RHB Robert Marks
|
0-0: Called Strike 0-1: Ground out 5-3 (Groundball, 56)
|
Top of the 1st over - 0 run(s), 0 hit(s), 0 error(s), 0 left on base; Seattle 0 - Saskatoon 0 |
BOTTOM OF THE 1ST |
Saskatoon Smokin' Guns batting - Pitching for Seattle Rainiers : RHP Jeff Alexander
|
Pitching: RHP Jeff Alexander
|
|
Batting: LHB Alejandro Rojas
|
0-0: Called Strike 0-1: Ball 1-1: Ball 2-1: SINGLE (Line Drive, 56)
|
Batting: LHB Raúl Casillán
|
0-0: SINGLE (Groundball, 4M) Alejandro Rojas to second
|
Batting: LHB Russell Peck
|
0-0: SINGLE (Popup, 13) Alejandro Rojas to third Raúl Casillán to second Runner from 3rd tries for Home, SAFE, no throw or cutoff
|
Batting: LHB José Liñares
|
0-0: Called Strike 0-1: Ball 1-1: Foul Ball, location: 2F 1-2: Strikes out looking
|
Batting: RHB Luis Ibarra
|
0-0: Swinging Strike 0-1: Ball 1-1: DOUBLE (Groundball, 3L) Raúl Casillán scores Russell Peck to third
|
Batting: RHB Zack Flint
|
0-0: Called Strike 0-1: Ground out 4-3 (Groundball, 4) Russell Peck scores Luis Ibarra to third
|
Batting: RHB Pedro Cabrera
|
0-0: Called Strike 0-1: Swinging Strike 0-2: Foul Ball, location: 2F 0-2: Foul Ball, location: 2F 0-2: Ball 1-2: Strikes out looking
|
Bottom of the 1st over - 3 run(s), 4 hit(s), 0 error(s), 1 left on base; Seattle 0 - Saskatoon 3 |
TOP OF THE 2ND |
Seattle Rainiers batting - Pitching for Saskatoon Smokin' Guns : RHP Dan Handy
|
Batting: LHB Alan Moore
|
0-0: Foul Ball, location: 2F 0-1: Swinging Strike 0-2: Strikes out swinging
|
Batting: RHB Jacob Hill
|
0-0: Foul Ball, location: 2F 0-1: Ball 1-1: Ball 2-1: Ball 3-1: Base on Balls
|
Batting: RHB Tony Hernández
|
0-0: SINGLE (Line Drive, 89M) Jacob Hill to second
|
Batting: RHB Jeremiah Soto
|
0-0: Called Strike 0-1: Ball 1-1: Reached on error, E6 (Groundball, 56) Jacob Hill to third Tony Hernández to second
|
Batting: RHB John Hill
|
0-0: Ball 1-0: Ball 2-0: Ball 3-0: Called Strike 3-1: Foul Ball, location: 2F 3-2: Base on Balls Jacob Hill scores Tony Hernández to third Jeremiah Soto to second
|
Batting: RHB Jorge Colón
|
0-0: Ball 1-0: Fly out, F4 (Popup, 4MD)
|
Batting: RHB Enrique Mendoza
|
0-0: Ball 1-0: Foul Ball, location: 2F 1-1: Ball 2-1: Ground out 6-3 (Groundball, 6)
|
Top of the 2nd over - 1 run(s), 1 hit(s), 1 error(s), 3 left on base; Seattle 1 - Saskatoon 3 |
BOTTOM OF THE 2ND |
Saskatoon Smokin' Guns batting - Pitching for Seattle Rainiers : RHP Jeff Alexander
|
Batting: RHB César Rodríguez
|
0-0: Ball 1-0: Ball 2-0: Ball 3-0: Base on Balls
|
Batting: RHB Peter Bryant
|
0-0: Ball 1-0: Foul Ball, location: 2F 1-1: Called Strike 1-2: Foul Ball, location: 2F 1-2: SINGLE (Groundball, 6MD) César Rodríguez to second Runner from 2nd tries for 3rd, SAFE, no throw or cutoff
|
Batting: LHB Alejandro Rojas
|
0-0: Called Strike 0-1: Ball 1-1: Swinging Strike 1-2: TRIPLE (Flyball, 89XD) César Rodríguez scores Peter Bryant scores
|
Batting: LHB Raúl Casillán
|
0-0: Ball 1-0: Ball 2-0: Ball 3-0: Base on Balls
|
Batting: LHB Russell Peck
|
0-0: Ball 1-0: DOUBLE (Popup, 78S) Alejandro Rojas scores Raúl Casillán to third
|
Batting: LHB José Liñares
|
0-0: Ball 1-0: Ball 2-0: Called Strike 2-1: Foul Ball, location: 2F 2-2: SINGLE (Line Drive, 56) Raúl Casillán scores Russell Peck to third
|
Batting: RHB Luis Ibarra
|
0-0: Called Strike José Liñares is caught stealing 2nd base 0-1: Swinging Strike 0-2: Ball 1-2: SINGLE (Groundball, 4MD) Russell Peck scores
|
Batting: RHB Zack Flint
|
0-0: Called Strike 0-1: Ball 1-1: Swinging Strike 1-2: Foul Ball, location: 2F 1-2: Ball 2-2: Strikes out swinging
|
Batting: RHB Pedro Cabrera
|
0-0: Called Strike 0-1: Ground out 4-3 (Groundball, 4)
|
Bottom of the 2nd over - 5 run(s), 5 hit(s), 0 error(s), 1 left on base; Seattle 1 - Saskatoon 8 |
TOP OF THE 3RD |
Seattle Rainiers batting - Pitching for Saskatoon Smokin' Guns : RHP Dan Handy
|
Batting: RHB Alfredo Farías
|
0-0: Fly out, F9 (Flyball, 89S)
|
Batting: RHB Robert Marks
|
0-0: Ball 1-0: Foul Ball, location: 2F 1-1: Ball 2-1: Called Strike 2-2: Strikes out swinging
|
Batting: LHB Alan Moore
|
0-0: Ball 1-0: SINGLE (Groundball, 34)
|
Batting: RHB Jacob Hill
|
0-0: Ball 1-0: Ball 2-0: Foul Ball, location: 2F 2-1: Swinging Strike 2-2: Foul Ball, location: 2F 2-2: Fly out, F7 (Line Drive, 7M)
|
Top of the 3rd over - 0 run(s), 1 hit(s), 0 error(s), 1 left on base; Seattle 1 - Saskatoon 8 |
BOTTOM OF THE 3RD |
Saskatoon Smokin' Guns batting - Pitching for Seattle Rainiers : RHP Jeff Alexander
|
Batting: RHB César Rodríguez
|
0-0: Ball 1-0: Called Strike 1-1: Foul Ball, location: 2F 1-2: Fly out, F9 (Flyball, 89D)
|
Batting: RHB Peter Bryant
|
0-0: Ball 1-0: Swinging Strike 1-1: Foul Ball, location: 2F 1-2: Ball 2-2: Foul Ball, location: 2F 2-2: Foul Ball, location: 2F 2-2: Hit by Pitch
|
Batting: LHB Alejandro Rojas
|
0-0: Fly out, F7 (Flyball, 7D)
|
Batting: LHB Raúl Casillán
|
0-0: Ball 1-0: Swinging Strike 1-1: Ball 2-1: Foul Ball, location: 2F 2-2: Strikes out looking
|
Bottom of the 3rd over - 0 run(s), 0 hit(s), 0 error(s), 1 left on base; Seattle 1 - Saskatoon 8 |
TOP OF THE 4TH |
Seattle Rainiers batting - Pitching for Saskatoon Smokin' Guns : RHP Dan Handy
|
Batting: RHB Tony Hernández
|
0-0: Called Strike 0-1: Foul Ball, location: 2F 0-2: Strikes out swinging
|
Batting: RHB Jeremiah Soto
|
0-0: Bunt for hit - play at first, batter OUT! 1-3
|
Batting: RHB John Hill
|
0-0: SINGLE (Groundball, 56D)
|
Batting: RHB Jorge Colón
|
0-0: Called Strike 0-1: Foul Ball, location: 2F 0-2: Ball 1-2: Foul Ball, location: 2F 1-2: Strikes out looking
|
Top of the 4th over - 0 run(s), 1 hit(s), 0 error(s), 1 left on base; Seattle 1 - Saskatoon 8 |
BOTTOM OF THE 4TH |
Saskatoon Smokin' Guns batting - Pitching for Seattle Rainiers : RHP Jeff Alexander
|
Pitching: RHP Dave Rose
|
|
Batting: LHB Russell Peck
|
0-0: Ball 1-0: Ball 2-0: Ground out U3 (Groundball, 3)
|
Batting: LHB José Liñares
|
0-0: Ball 1-0: SINGLE (Line Drive, 6MD)
|
Batting: RHB Luis Ibarra
|
0-0: Called Strike 0-1: SINGLE (Line Drive, 9S) José Liñares to second
|
Batting: RHB Zack Flint
|
0-0: Fly out, F7 (Flyball, 7M)
|
Batting: RHB Pedro Cabrera
|
0-0: Foul Ball, location: 2F 0-1: Hit by Pitch José Liñares to third Luis Ibarra to second
|
Batting: RHB César Rodríguez
|
0-0: Ball 1-0: Called Strike 1-1: Fly out, F7 (Flyball, 78D)
|
Bottom of the 4th over - 0 run(s), 2 hit(s), 0 error(s), 3 left on base; Seattle 1 - Saskatoon 8 |
TOP OF THE 5TH |
Seattle Rainiers batting - Pitching for Saskatoon Smokin' Guns : RHP Dan Handy
|
Batting: RHB Enrique Mendoza
|
0-0: Called Strike 0-1: Bunt missed! 0-2: Ball 1-2: Ball 2-2: Ball 3-2: Foul Ball, location: 2F 3-2: Fly out, F7 (Flyball, 7D)
|
Batting: RHB Alfredo Farías
|
0-0: Ball 1-0: Swinging Strike 1-1: Called Strike 1-2: Ball 2-2: Ball 3-2: Foul Ball, location: 2F 3-2: Ground out 1-3 (Groundball, 13S)
|
Batting: RHB Robert Marks
|
0-0: Swinging Strike 0-1: Swinging Strike 0-2: Ball 1-2: Strikes out looking
|
Top of the 5th over - 0 run(s), 0 hit(s), 0 error(s), 0 left on base; Seattle 1 - Saskatoon 8 |
BOTTOM OF THE 5TH |
Saskatoon Smokin' Guns batting - Pitching for Seattle Rainiers : RHP Dave Rose
|
Batting: RHB Peter Bryant
|
0-0: Called Strike 0-1: Ball 1-1: Ball 2-1: Swinging Strike 2-2: Fly out, F3 (Popup, 3F)
|
Batting: LHB Alejandro Rojas
|
0-0: Ball 1-0: Foul Ball, location: 2F 1-1: Ball 2-1: Called Strike 2-2: Fly out, F8 (Flyball, 8LS)
|
Batting: LHB Raúl Casillán
|
0-0: Called Strike 0-1: Foul Ball, location: 2F 0-2: Ball 1-2: Ball 2-2: SINGLE (Line Drive, 4M)
|
Batting: LHB Russell Peck
|
0-0: Ball 1-0: Swinging Strike 1-1: Ball 2-1: Foul Ball, location: 2F 2-2: Ball 3-2: Base on Balls Raúl Casillán to second
|
Batting: LHB José Liñares
|
0-0: Ball 1-0: Ball 2-0: Ball 3-0: Called Strike 3-1: Base on Balls Raúl Casillán to third Russell Peck to second
|
Batting: RHB Luis Ibarra
|
0-0: Fly out, F9 (Flyball, 9M)
|
Bottom of the 5th over - 0 run(s), 1 hit(s), 0 error(s), 3 left on base; Seattle 1 - Saskatoon 8 |
TOP OF THE 6TH |
Seattle Rainiers batting - Pitching for Saskatoon Smokin' Guns : RHP Dan Handy
|
Batting: LHB Alan Moore
|
0-0: Foul Ball, location: 2F 0-1: Ball 1-1: Ball 2-1: Ball 3-1: Called Strike 3-2: Base on Balls
|
Pitching: RHP Luis Mejía
|
|
Batting: RHB Jacob Hill
|
0-0: Ball 1-0: Reached on error, E5 (Groundball, 56) Alan Moore to second
|
Batting: RHB Tony Hernández
|
0-0: Called Strike
|
|
|
|
0-1: Ball 1-1: Foul Ball, location: 2F 1-2: Foul Ball, location: 2F 1-2: Ball 2-2: Ball 3-2: Foul Ball, location: 2F 3-2: Grounds into double play, 6-4-3 (Groundball, 6M) Alan Moore to third
|
Batting: RHB Jeremiah Soto
|
0-0: DOUBLE (Line Drive, 89D) Alan Moore scores
|
Batting: RHB John Hill
|
0-0: Ball 1-0: Swinging Strike 1-1: Fly out, F8 (Flyball, 8LS)
|
Top of the 6th over - 1 run(s), 1 hit(s), 1 error(s), 1 left on base; Seattle 2 - Saskatoon 8 |
BOTTOM OF THE 6TH |
Saskatoon Smokin' Guns batting - Pitching for Seattle Rainiers : RHP Dave Rose
|
Batting: RHB Zack Flint
|
0-0: Ball 1-0: Called Strike 1-1: Called Strike 1-2: Foul Ball, location: 2F 1-2: Foul Ball, location: 2F 1-2: Ball 2-2: Strikes out swinging
|
Batting: RHB Pedro Cabrera
|
0-0: Ball 1-0: Called Strike 1-1: SINGLE (Line Drive, 8LS)
|
Batting: RHB César Rodríguez
|
0-0: Ball 1-0: Ball 2-0: Foul Ball, location: 2F 2-1: Foul Ball, location: 2F 2-2: Ball 3-2: Foul Ball, location: 2F 3-2: SINGLE (Groundball, 6MD) Pedro Cabrera to second Pedro Cabrera to third
|
Batting: RHB Peter Bryant
|
0-0: Called Strike 0-1: Ball 1-1: Ball 2-1: Ball César Rodríguez is caught stealing 2nd base 3-1: Fly out, F3 (Popup, 3F)
|
Bottom of the 6th over - 0 run(s), 2 hit(s), 0 error(s), 1 left on base; Seattle 2 - Saskatoon 8 |
TOP OF THE 7TH |
Seattle Rainiers batting - Pitching for Saskatoon Smokin' Guns : RHP Luis Mejía
|
Batting: RHB Jorge Colón
|
0-0: Called Strike 0-1: Bunt for hit - play at first, batter safe!
|
Batting: RHB Enrique Mendoza
|
0-0: Called Strike 0-1: Ball 1-1: Fly out, F6 (Line Drive, 6)
|
Batting: RHB Alfredo Farías
|
0-0: Called Strike 0-1: Swinging Strike 0-2: Strikes out looking
|
Batting: RHB Robert Marks
|
0-0: Called Strike Jorge Colón steals 2nd base 0-1: Ball 1-1: Ground out 6-3 (Groundball, 6S)
|
Top of the 7th over - 0 run(s), 1 hit(s), 0 error(s), 1 left on base; Seattle 2 - Saskatoon 8 |
BOTTOM OF THE 7TH |
Saskatoon Smokin' Guns batting - Pitching for Seattle Rainiers : RHP Dave Rose
|
Pitching: RHP Dani Vásquez
|
|
Batting: LHB Alejandro Rojas
|
0-0: Ball 1-0: Fly out, F7 (Flyball, 7LS)
|
Batting: LHB Raúl Casillán
|
0-0: Called Strike 0-1: SINGLE (Groundball, 3D)
|
Batting: LHB Russell Peck
|
0-0: Ball 1-0: Fly out, F2 (Popup, 2RF)
|
Batting: LHB José Liñares
|
0-0: Ground out 1-3 (Groundball, 15)
|
Bottom of the 7th over - 0 run(s), 1 hit(s), 0 error(s), 1 left on base; Seattle 2 - Saskatoon 8 |
TOP OF THE 8TH |
Seattle Rainiers batting - Pitching for Saskatoon Smokin' Guns : RHP Luis Mejía
|
Pitching: LHP Ernesto Pérez
|
|
Batting: LHB Alan Moore
|
0-0: Ball 1-0: Foul Ball, location: 2F 1-1: Foul Ball, location: 2F 1-2: Ground out 5-3 (Groundball, 56S)
|
Batting: RHB Jacob Hill
|
0-0: Ball 1-0: Ball 2-0: SINGLE (Line Drive, 89S)
|
Batting: RHB Tony Hernández
|
0-0: SINGLE (Groundball, 6MD) (infield hit) Jacob Hill to second
|
Batting: RHB Jeremiah Soto
|
0-0: Foul Ball, location: 2F 0-1: Ball 1-1: Swinging Strike 1-2: Ball 2-2: Ball 3-2: SINGLE (Line Drive, 6M) Jacob Hill to third Tony Hernández to second
|
Batting: RHB John Hill
|
0-0: Ball 1-0: Ball 2-0: Ball 3-0: Base on Balls Jacob Hill scores Tony Hernández to third Jeremiah Soto to second
|
Pitching: RHP Sloan Numbers
|
|
Batting: RHB Jorge Colón
|
0-0: Ball 1-0: Ball 2-0: Foul Ball, location: 2F 2-1: Ball 3-1: Base on Balls Tony Hernández scores Jeremiah Soto to third John Hill to second
|
Batting: RHB Enrique Mendoza
|
0-0: Ball 1-0: Ball 2-0: Ball 3-0: Called Strike 3-1: Swinging Strike 3-2: Strikes out looking
|
Batting: RHB Alfredo Farías
|
0-0: Ball 1-0: Called Strike 1-1: Ball 2-1: Called Strike 2-2: Foul Ball, location: 2F 2-2: Foul Ball, location: 2F 2-2: Foul Ball, location: 2F 2-2: Ball 3-2: SINGLE (Groundball, 6MD) Jeremiah Soto scores John Hill to third Jorge Colón to second John Hill scores Jorge Colón to third
|
Batting: RHB Robert Marks
|
0-0: Ball 1-0: Called Strike 1-1: SINGLE (Line Drive, 4M) Jorge Colón scores Alfredo Farías to second
|
Batting: LHB Alan Moore
|
0-0: Called Strike 0-1: Fly out, F7 (Flyball, 78D)
|
Top of the 8th over - 5 run(s), 5 hit(s), 0 error(s), 2 left on base; Seattle 7 - Saskatoon 8 |
BOTTOM OF THE 8TH |
Saskatoon Smokin' Guns batting - Pitching for Seattle Rainiers : RHP Dani Vásquez
|
Batting: RHB Luis Ibarra
|
0-0: Called Strike 0-1: Ball 1-1: Ball 2-1: SINGLE (Groundball, 34D)
|
Batting: RHB Zack Flint
|
0-0: Called Strike 0-1: Ball 1-1: Grounds into double play, 1-6-3 (Groundball, 13)
|
Batting: RHB Pedro Cabrera
|
0-0: Ball 1-0: Ball 2-0: TRIPLE (Line Drive, 8LM)
|
Pinch Hitting: LHB Bo Rush
|
0-0: Intentional Walk
|
Batting: RHB Peter Bryant
|
0-0: Ball 1-0: Ball 2-0: Called Strike 2-1: Ball 3-1: Called Strike 3-2: Foul Ball, location: 2F 3-2: Fly out, F7 (Flyball, 7M)
|
Bottom of the 8th over - 0 run(s), 2 hit(s), 0 error(s), 2 left on base; Seattle 7 - Saskatoon 8 |
TOP OF THE 9TH |
Seattle Rainiers batting - Pitching for Saskatoon Smokin' Guns : RHP Sloan Numbers
|
Pitching: RHP Melvin Hicks
|
|
Now at 1B: Bo Rush
|
|
Batting: RHB Jacob Hill
|
0-0: Ground out 6-3 (Groundball, 6)
|
Pinch Hitting: RHB Juan Robles
|
0-0: Ball 1-0: Foul Ball, location: 2F 1-1: Ball 2-1: Swinging Strike 2-2: Ball 3-2: Ground out 1-3 (Groundball, 13S)
|
Batting: RHB Jeremiah Soto
|
0-0: Swinging Strike 0-1: Ball 1-1: Foul Ball, location: 2F 1-2: SINGLE (Line Drive, 6D)
|
Batting: RHB John Hill
|
0-0: Ball 1-0: Foul Ball, location: 2F 1-1: Foul Ball, location: 2F 1-2: Ball 2-2: Strikes out looking
|
Top of the 9th over - 0 run(s), 1 hit(s), 0 error(s), 1 left on base; Seattle 7 - Saskatoon 8 |
|
Monday, December 5th, 2016 - OOTP Baseball 17.12 Build 75
|
|